 Dungeon Crawl Stone Soup version 0.31-a0-366-ga77b45bd9b (webtiles) character file.

Game seed: 1158266322875788207

1419 Mithras the Ruffian (level 8, -11/120 HPs)
             Began as a Troll Shapeshifter on July 28, 2023.
             Was a Follower of Trog.
             Mangled by a shadow (26 damage)
             ... on level 6 of the Dungeon.
             The game lasted 00:10:18 (4853 turns).

Mithras the Ruffian (Troll Shapeshifter)            Turns: 4853, Time: 00:10:19

Health: -11/120    AC: 11    Str: 26    XL:     8   Next: 43%
Magic:  7/7        EV:  9    Int:  4    God:    Trog [*.....]
Gold:   309        SH:  0    Dex: 10    Spells: 7/7 levels left

rFire   + .          .
                       - Unarmed
rCold   + . .        (no shield)
rNeg    . . .        f - +0 robe {rC+ rF+}
rPois   +            (helmet restricted)
rElec   .            w - +2 cloak {rPois}
rCorr   .            (gloves unavailable)
SInv    .            (boots unavailable)
Will    .....        l - amulet of the acrobat Stlth
                     o - +4 ring of protection
HPRegen 1.20/turn    (no ring)
MPRegen 0.10/turn

%: acrobat
@: berserking, very quick
A: large, unfitting armour, claws 3, regeneration 1, shaggy fur 1, tough skin 1
a: Renounce Religion, Berserk


You were on level 6 of the Dungeon.
You worshipped Trog.
Trog was aware of your devotion.
You visited 1 branch of the dungeon, and saw 6 of its levels.

You collected 309 gold pieces.

Inventory:

Missiles
 d - 2 poisoned darts
Armour
 f - a +0 robe of resistance (worn)
 w - a +2 cloak of poison resistance (worn)
Jewellery
 l - an amulet of the acrobat (around neck)
 n - a ring of ice
 o - a +4 ring of protection (left claw)
Talismans
 c - a beast talisman
Wands
 j - a wand of paralysis (10)
Scrolls
 e - 2 scrolls of amnesia
 g - a scroll of blinking {unknown}
 i - 2 scrolls of teleportation
 r - 2 scrolls of fog {unknown}
 s - a scroll of torment {unknown}
 t - a scroll of enchant weapon {unknown}
 u - 3 scrolls of identify
 v - a scroll of fear {unknown}
 y - a scroll of butterflies {unknown}
 z - a scroll of vulnerability {unknown}
 A - a scroll of revelation {unknown}
Potions
 a - a potion of might {unknown}
 b - a potion of lignification
 h - 2 potions of haste
 k - a potion of degeneration
 m - 2 potions of berserk rage
 p - a potion of curing {unknown}
 q - 2 potions of attraction
 x - a potion of brilliance {unknown}
 B - a potion of ambrosia {unknown}


   Skills:
 + Level 5.1 Fighting
 - Level 1.5 Dodging
 + Level 6.7 Unarmed Combat
 + Level 5.8 Shapeshifting


You had 7 spell levels left.
You didn't know any spells.
Your spell library contained the following spells:

 Spells                   Type           Power      Damage    Failure   Level
 Freeze                   Ice            0%         1d3       50%         1
 Summon Small Mammal      Summ           0%         N/A       50%         1
 Sublimation of Blood     Necr           0%         N/A       65%         2
 Wereblood                Tmut           0%         N/A       65%         2
 Call Canine Familiar     Summ           0%         N/A       86%         3
 Frozen Ramparts          Ice            0%         1d1       86%         3
 Hailstorm                Conj/Ice       0%         3d3       86%         3
 Summon Guardian Golem    Hex/Summ       0%         N/A       86%         3
 Petrify                  Tmut/Erth      0%         N/A       99%         4
 Irradiate                Conj/Tmut      0%         3d11      100%        5
 Iskenderun's Battlesphe  Conj           0%         2d6       100%        5
 Leda's Unmaking          Conj/Erth      0%         9d1       100%        6
 Spellforged Servitor     Conj/Summ      0%         N/A       100%        7


Dungeon Overview and Level Annotations

Branches:
Dungeon (6/15)
 Temple: D:4-7

Altars:
Fedhas
Hepliaklqana
Makhleb
Trog
Vehumet
Yredelemnul
Zin

Shops:
D:4 **

Annotations:
D:6 1 runed translucent door


Innate Abilities, Weirdness & Mutations

You are too large for most types of armour.
You have claws for hands.
Your natural rate of healing is unusually fast.
You are covered in fur. (AC +1)
You have tough skin. (AC +1)


Message History

You claw the troll!
You kill the troll!
Trog accepts your kill.
The troll leather armour is intact enough to wear.
Your Fighting skill increases to level 5!
B - a pink potion A shadow comes into view.
A black bear comes into view.
The black bear growls angrily.
The black bear moves out of view.
The shadow slips into darkness.
The shadow flickers and vanishes!
Deactivating autopickup; reactivate with Ctrl-A.
You see here 2 stones.
The shadow strikes at you from the darkness!
* * * LOW HITPOINT WARNING * * *
Reactivating autopickup.
The shadow attacks as you move away! The shadow closely misses you.
You scratch the shadow. Your claw misses the shadow.
The shadow is moderately damaged.
The shadow hits you.
* * * LOW HITPOINT WARNING * * *
You scratch the shadow but do no damage.
The shadow is lightly damaged.
The shadow hits you.
You barely miss the shadow.
The shadow is lightly damaged.
The shadow hits you!
* * * LOW HITPOINT WARNING * * *
A red film seems to cover your vision as you go berserk!
You feel yourself moving faster!
You feel mighty!
The shadow slips into darkness.
The shadow flickers and vanishes!
Deactivating autopickup; reactivate with Ctrl-A.
You completely miss the black bear. You barely miss the black bear.
The black bear bites you but does no damage.
The black bear claws you but does no damage. x2
The shadow strikes at you from the darkness!
You die...

#.######..#
###.h...##########
..........#
#.###.#
..........#
#.###.##
....##..###
####...# ........#
#...# ......###
##(..# ......#
#...## .....>#
##{..# ....###
#@h.## .####
##...# .# ##...##
.# ##...## .#
##...## .# ##...##
.# #...## .#
##...# .# #...##


You could see a black bear.

Vanquished Creatures
  A troll (D:6)
  Eustachio (D:5)
  An ice beast (D:4)
  A sky beast (D:6)
  A centaur (D:6)
  A bullfrog (D:6)
  A scorpion (D:6)
  A howler monkey (D:3)
  Crazy Yiuf (D:5)
  5 hounds
  A human skeleton (D:6)
  4 iguanas
  Natasha (thrice) (D:4)
  3 gnolls (D:4)
  12 adders
  2 white imps
  3 worms
  4 dart slugs
  An orc (D:4)
  11 ball pythons
  4 bats
  6 endoplasms
  2 giant cockroaches
  12 goblins
  2 hobgoblins
  11 jackals
  6 quokkas
  5 frilled lizards
  9 kobolds
  A kobold skeleton (D:6)
  5 rats
121 creatures vanquished.

Notes
Turn   | Place    | Note
-------+----------+-------------------------------------------
     0 | D:1      | Mithras the Troll Shapeshifter began the quest for the Orb.
     0 | D:1      | Reached XP level 1. HP: 18/18 MP: 0/0
    54 | D:1      | Reached skill level 1 in Fighting
   145 | D:1      | Reached XP level 2. HP: 27/27 MP: 1/1
   796 | D:2      | Reached XP level 3. HP: 25/33 MP: 2/2
   919 | D:2      | Found a burning altar of Makhleb.
  1111 | D:2      | Reached XP level 4. HP: 42/42 MP: 3/3
  1611 | D:3      | Found a blossoming altar of Fedhas.
  1773 | D:3      | Reached skill level 4 in Unarmed Combat
  1773 | D:3      | Reached XP level 5. HP: 50/50 MP: 4/4
  2533 | D:4      | Reached XP level 6. HP: 61/61 MP: 5/5
  2542 | D:4      | Found Ockufira's General Store.
  2549 | D:4      | Found Fahin's Specific Store.
  2587 | D:4      | Found a bloodstained altar of Trog.
  2609 | D:4      | Became a worshipper of Trog the Wrathful
  2741 | D:4      | Noticed an ice beast
  2754 | D:4      | Killed an ice beast
  2755 | D:4      | Reached skill level 5 in Unarmed Combat
  3110 | D:4      | Noticed Natasha
  3119 | D:4      | Killed Natasha
  3201 | D:4      | Found a bloodstained altar of Trog.
  3346 | D:4      | Found Fahin's Specific Store.
  3347 | D:4      | Found Ockufira's General Store.
  3596 | D:4      | Noticed Natasha
  3602 | D:4      | Killed Natasha
  3769 | D:4      | Noticed Natasha
  3781 | D:4      | Killed Natasha
  3782 | D:4      | Reached XP level 7. HP: 67/67 MP: 6/6
  3811 | D:5      | Entered Level 5 of the Dungeon
  3840 | D:5      | Noticed Eustachio
  3871 | D:5      | Killed Eustachio
  3983 | D:5      | Reached skill level 5 in Shapeshifting
  4013 | D:5      | Found a runed translucent door.
  4014 | D:5      | Noticed Crazy Yiuf
  4082 | D:5      | Found a hazy altar of Hepliaklqana.
  4152 | D:5      | Found a radiant altar of Vehumet.
  4284 | D:5      | Killed Crazy Yiuf
  4353 | D:6      | Reached skill level 6 in Unarmed Combat
  4429 | D:6      | Reached * piety under Trog
  4430 | D:6      | Reached XP level 8. HP: 79/79 MP: 7/7
  4507 | D:6      | Found a burning altar of Makhleb.
  4507 | D:6      | Found a glowing silver altar of Zin.
  4508 | D:6      | Noticed an angel
  4508 | D:6      | Noticed a balrug
  4752 | D:6      | Found a runed translucent door.
  4756 | D:6      | Found a basalt altar of Yredelemnul.
  4807 | D:6      | Noticed a troll
  4816 | D:6      | Killed a troll
  4817 | D:6      | Reached skill level 5 in Fighting
  4853 | D:6      | Mangled by a shadow

Illustrated notes

Levels and vault maps discovered:
D:1:      dpeg_arrival_boxorama, layout_loops_cross, minmay_fountain_box
D:2:      minmay_razor_zed, layout_basic, basic_altar
D:3:      layout_basic, nicolae_overflow_crystal_walls
D:4:      layout_basic, trog_butcher_becter, nicolae_specific_store,
          chequers_serial_rivers_micro_a, minmay_misc_feat_nine_boxes,
          minmay_strange_pillars, uniq_natasha
D:5:      layout_rooms, mainiacjoe_overflow_alcove_4,
          mainiacjoe_overflow_brackets, uniq_eustachio, uniq_crazy_yiuf_cottage
D:6:      minmay_chambers_of_threes, layout_basic,
          grunt_temple_overflow_order_and_chaos_2, dk_yredelemnul_ordeal,
          serial_curves, eino_curves_03, eino_curves_01, eino_curves_01,
          eino_curves_01, kb_rosetta

Skill      XL: |  1  2  3  4  5  6  7  8 |
---------------+-------------------------+-----
Fighting       | 1 2 3 4 5 |  5.1
Unarmed Combat | 4 5 6 |  6.7
Shapeshifting  | 4 5 |  5.8
Dodging        | |  1.5

Action                     |  1- 3 |  4- 6 |  7- 9 || total
---------------------------+-------+-------+-------++-------
  Melee: Unarmed           |   101 |   139 |    76 ||   316
         Punch             |       |     3 |     4 ||     7
    Use: Scroll            |       |     5 |     2 ||     7
         Potion            |       |       |     1 ||     1
   Stab: Sleeping          |     1 |       |       ||     1
 Armour: Animal skin       |     6 |       |       ||     6
         Robe              |    45 |    52 |    34 ||   131
  Dodge: Dodged            |    46 |    61 |    45 ||   152
         Form:             |       |       |     1 ||     1

Table legend: (Time is in decaauts)
 A = Elapsed time spent in this place.
 B = Non-inter-level travel time spent in this place.
 C = Inter-level travel time spent in this place.
 D = Time resting spent in this place.
 E = Time spent auto-exploring this place.
 F = Levels seen in this place.
 G = Mean time per level.
                   A        B        C        D        E       F      G
               +--------+--------+--------+--------+--------+-----+--------+
         Total |   4835 |   4547 |    288 |     19 |   3576 |   6 |  805.8 |
       Dungeon |   4835 |   4547 |    288 |     19 |   3576 |   6 |  805.8 |
               +--------+--------+--------+--------+--------+-----+--------+

Top non-repeatable levels by time:
     D:4: 1568 daAuts
     D:2: 835 daAuts
     D:1: 760 daAuts
     D:3: 659 daAuts
     D:6: 508 daAuts
     D:5: 502 daAuts
